 Dungeon Crawl Stone Soup version 0.28-a0-265-g048bc9fd10 (webtiles) character file.

Game seed: 3012164536413281127

4 SeanNever the Chopper (level 1, 0/18 HPs)
             Began as a Minotaur Gladiator on Aug 27, 2021.
             Succumbed to an adder's poison
             ... on level 2 of the Dungeon.
             The game lasted 00:01:27 (294 turns).

SeanNever the Chopper (Minotaur Gladiator)           Turns: 294, Time: 00:01:27

Health: 0/18       AC:  8    Str: 18    XL:     1   Next: 50%
Magic:  0/0        EV:  7    Int:  5    God:
Gold:   24         SH:  0    Dex: 11    Spells: 0/0 levels left

rFire   . . .      SeeInvis .   a - +0 war axe
rCold   . . .      Faith    .   (no shield)
rNeg    . . .      Spirit   .   f - +0 chain mail
rPois   .          Reflect  .   c - +0 hat
rElec   .          Harm     .   (no cloak)
rCorr   .          Rampage  .   (no gloves)
Will    .....                   (no boots)
Stlth   ..........              (no amulet)
HPRegen 0.06/turn               (no ring)
MPRegen 0.07/turn               (no ring)

@: lethally poisoned (0 -> -6)
A: horns 2, retaliatory headbutt
a: no special abilities


You were on level 2 of the Dungeon.
You visited 1 branch of the dungeon, and saw 2 of its levels.

You collected 24 gold pieces.

Inventory:

Hand Weapons
 a - a +0 war axe (weapon)
Missiles
 d - 3 throwing nets (quivered)
Armour
 b - a +0 leather armour
 c - a +0 hat (worn)
 f - a +0 chain mail (worn)
Scrolls
 g - a scroll of identify {unknown}
Potions
 e - a potion of berserk rage {unknown}


   Skills:
 + Level 2.6 Fighting
 + Level 3.7 Axes
 + Level 2.0 Throwing
 + Level 3.3 Dodging


You couldn't memorise any spells.
You didn't know any spells.
Your spell library was empty.

Dungeon Overview and Level Annotations

Branches:
Dungeon (2/15)

Altars:


Innate Abilities, Weirdness & Mutations

You have a pair of horns on your head.
You reflexively headbutt those who attack you in melee.


Message History

Found a stone staircase leading down.
You see here 9 stones.
You slash the hobgoblin!
You kill the hobgoblin!
There is a stone staircase leading down here.
You climb downwards.
There is a stone staircase leading up here.
Found a stone staircase leading down.
A worm comes into view.
You open the door.
There is an open door here.
Found a book of Changes.
An adder comes into view.
The adder hisses angrily.
You barely miss the adder. The adder bites you.
You are poisoned.
The adder poisons you! The adder bites you.
You are lethally poisoned!
The adder poisons you!
You hit the adder. Your headbutt misses the adder.
The adder is moderately wounded.
You feel very sick.
The adder bites you but does no damage. x2
You completely miss the adder.
The adder is moderately wounded.
* * * LOW HITPOINT WARNING * * *
You feel very sick. The adder barely misses you.
You closely miss the adder.
You headbutt the adder, but do no damage.
The adder is moderately wounded.
You hit the worm.
* * * LOW HITPOINT WARNING * * *
You feel sick. The adder bites you.
* * * LOW HITPOINT WARNING * * *
The adder bites you but does no damage.
You closely miss the adder.
The adder is moderately wounded.
You hit the worm.
You die...

### #.# #########.#
..........# #########.#
#.# #########.#
############ <.........#
#..w@S.:....
#############.##########
#...w.........
#.####.#######
######'#.......
#............##
#............#
#........>...+
#............#


You could see a worm and an adder.

Vanquished Creatures
  2 ball pythons (D:1)
  A hobgoblin (D:1)
  A rat (D:1)
4 creatures vanquished.

Notes
Turn   | Place    | Note
-------+----------+-------------------------------------------
     0 | D:1      | SeanNever the Minotaur Gladiator began the quest for the
                  | Orb.
     0 | D:1      | Reached XP level 1. HP: 18/18 MP: 0/0
   294 | D:2      | Succumbed to an adder's poison

Illustrated notes

Levels and vault maps discovered:
D:1:      dpeg_arrival_shrine, layout_loops_cross, serial_shops, shop_coins
D:2:      layout_basic, hellmonk_ecumenical_altar_slurped_away

Action                   || total
-------------------------++-------
Melee: War axe           ||    10
       Headbutt          ||     1
Armor: Chain mail        ||     6
Dodge: Dodged            ||     1

Table legend: (Time is in decaauts)
 A = Elapsed time spent in this place.
 B = Non-inter-level travel time spent in this place.
 C = Inter-level travel time spent in this place.
 D = Time resting spent in this place.
 E = Time spent auto-exploring this place.
 F = Levels seen in this place.
 G = Mean time per level.
                   A        B        C        D        E       F      G
               +--------+--------+--------+--------+--------+-----+--------+
         Total |    303 |    303 |      0 |      0 |      0 |   2 |  151.5 |
       Dungeon |    303 |    303 |      0 |      0 |      0 |   2 |  151.5 |
               +--------+--------+--------+--------+--------+-----+--------+

Top non-repeatable levels by time:
     D:1: 214 daAuts
     D:2: 89 daAuts
